 Dungeon Crawl Stone Soup version 0.30-a0-870-gc5d4c5acee (webtiles) character file.

Game seed: 17661569412847451102

3462 Adrian566 the Cleaver (level 10, -20/88 HPs)
             Began as a Hill Orc Fighter on Mar 5, 2023.
             Killed from afar by a gargoyle (23 damage)
             ... with a stone arrow
             ... on level 7 of the Dungeon on Mar 11, 2023.
             The game lasted 00:09:36 (7169 turns).

Adrian566 the Cleaver (Hill Orc Fighter)            Turns: 7169, Time: 00:09:36

Health: -20/88     AC: 15    Str: 24    XL:     10   Next: 6%
Magic:  10/10      EV:  7    Int:  8    God:
Gold:   180        SH:  5    Dex: 10    Spells: 9/9 levels left

rFire   . . .      SeeInvis .    k - +0 broad axe (distort)
rCold   . . .      Faith    .    c - +0 buckler
rNeg    . . .      Spirit   .    u - +1 plate armour
rPois   .          Reflect  .    (no helmet)
rElec   .          Rampage  .    (no cloak)
rCorr   .                        (no gloves)
Will    .....                    (no boots) Stlth
                                 o - amulet of magic regeneration
HPRegen 0.34/turn                (no ring)
MPRegen 0.52/turn                (no ring)

@: no status effects
A: no striking features
a: no special abilities


You were on level 7 of the Dungeon.
You visited 2 branches of the dungeon, and saw 8 of its levels.

You collected 369 gold pieces.
You spent 189 gold pieces at shops.

Inventory:

Hand Weapons
 a - a +0 war axe
 k - a +0 broad axe of distortion (weapon)
Armour
 c - a +0 buckler (worn)
 u - a +1 plate armour (worn)
Jewellery
 o - an amulet of magic regeneration (around neck)
 v - a ring of resist corrosion
 z - an amulet of guardian spirit
 A - a +6 ring of strength
Wands
 d - a wand of flame (19) (quivered)
 p - a wand of roots (7)
Scrolls
 f - a scroll of amnesia
 h - 3 scrolls of identify
 j - 2 scrolls of teleportation
 l - a scroll of enchant armour
 q - 2 scrolls of butterflies
 w - 3 scrolls of enchant weapon {unknown}
 y - a scroll of brand weapon {unknown}
Potions
 b - a potion of ambrosia {unknown}
 e - 3 potions of curing {unknown}
 g - a potion of degeneration
 i - a potion of heal wounds
 m - 2 potions of flight
 n - a potion of lignification
 r - a potion of mutation
 s - 2 potions of berserk rage
 t - a potion of resistance
 x - a potion of brilliance {unknown}


   Skills:
 + Level 7.8 Fighting
 + Level 11.8 Axes
 + Level 9.5 Armour
 + Level 1.1 Dodging
 + Level 0.4 Stealth
 + Level 5.1 Shields
 + Level 0.4 Evocations


You had 9 spell levels left.
You didn't know any spells.
Your spell library was empty.

Dungeon Overview and Level Annotations

Branches:
Dungeon (7/15)             Temple (1/1) D:4

Altars:
Ashenzari
Cheibriados
Gozag
Hepliaklqana
Okawaru
Ru
Sif Muna
Trog
Vehumet
Wu Jian
Xom
Yredelemnul
Zin
The Shining One

Shops:
D:4 (

Annotations:
D:5 2 transporters, asti's ghost, amateur MiFi
D:7 1 runed translucent door, Crazy Yiuf


Message History

The stone arrow hits you. The yak gores you.
The kobold demonologist looks satisfied for a moment.
Things that are here:
a +0 dagger; a +0 robe; an orc corpse The yak attacks as you move away!
The yak barely misses you. The yak attacks as you move away!
The yak gores you but does no damage.
There is an open door here.
The gargoyle hurls a stone arrow at you.
The stone arrow hits you.
* * * LOW HITPOINT WARNING * * *
The yak attacks as you move away! The yak gores you but does no damage.
The yak attacks as you move away! The yak gores you but does no damage.
The yak attacks as you move away! You block the yak's attack.
There is an open door here.
The yak attacks as you move away! The yak closely misses you.
You see here a sky beast corpse.
The yak gores you.
* * * LOW HITPOINT WARNING * * *
There is an open door here.
You slash the yak!
The yak is heavily wounded.
The yak blinks!
The orc wizard gestures wildly while chanting.
The orc wizard flickers and vanishes!
Deactivating autopickup; reactivate with Ctrl-A.
The gargoyle hurls a stone arrow at you.
You block the stone arrow. The yak gores you but does no damage.
The gargoyle hurls a stone arrow at you.
The stone arrow hits you!
* * * LOW HITPOINT WARNING * * *
The yak barely misses you. The yak attacks as you move away! The yak gores you!
* * * LOW HITPOINT WARNING * * *
The yak attacks as you move away! The yak gores you!
* * * LOW HITPOINT WARNING * * *
The gargoyle hurls a stone arrow at you.
The stone arrow hits you!!
You die...

#.[......#...### ###
##.##...........#### ##.##
#..................#
##...#####........)#.......#
#......##.........##.......#
..................##)...#.##
..................##.)..###
.....................###.##
...#............@..#......##
...#...##)).....Y###.......#
...###....)......# ###...###
...# ##.........## ###..##
...# ##.....9..# ###.#
#..####........## ###
.....##...###K.# ###
#.#.......#.#'## ##.#
##.......##..†# #..##


You could see a kobold demonologist, a yak and a gargoyle.

Vanquished Creatures
  A boulder beetle (D:7)
  Maggie (D:6)
  Grinder (D:5)
  A steam dragon (D:7)
  2 sky beasts (D:7)
  2 ogres
  2 black bears
  A centaur (D:6)
  A phantom (D:4)
  A bullfrog (D:6)
  A gnoll sergeant (D:7)
  4 scorpions
  3 killer bees (D:6)
  2 electric eels (D:4)
  2 hounds (D:5)
  4 jellies
  Natasha (thrice) (D:2)
  4 iguanas
  6 orc wizards
  5 gnolls (D:7)
  6 adders
  2 shadow imps
  A white imp (D:7)
  An ufetubus (D:4)
  2 worms
  3 dart slugs
  23 orcs
  6 endoplasms
  2 giant cockroaches
  6 goblins
  9 hobgoblins
  8 kobolds
  A quokka (D:2)
  8 ball pythons
  5 bats
  7 frilled lizards
  3 rats
140 creatures vanquished.

Vanquished Creatures (others)
  2 plants (D:4)
2 creatures vanquished.

Grand Total: 142 creatures vanquished

Notes
Turn   | Place    | Note
-------+----------+-------------------------------------------
     0 | D:1      | Adrian566 the Hill Orc Fighter began the quest for the Orb.
     0 | D:1      | Reached XP level 1. HP: 19/19 MP: 1/1
    70 | D:1      | Reached XP level 2. HP: 16/27 MP: 2/2
   526 | D:1      | Upgraded the game from 0.30-a0-857-gcaf70739d4 to
                  | 0.30-a0-870-gc5d4c5acee
   537 | D:2      | Reached XP level 3. HP: 33/33 MP: 3/3
   655 | D:2      | Noticed Natasha
   662 | D:2      | Killed Natasha
   663 | D:2      | Reached skill level 3 in Axes
   664 | D:2      | Noticed Natasha
   676 | D:2      | Killed Natasha
   677 | D:2      | Reached XP level 4. HP: 21/40 MP: 4/4
   716 | D:2      | Reached skill level 4 in Axes
   929 | D:2      | Found a faded altar of an unknown god.
   988 | D:2      | Reached XP level 5. HP: 47/47 MP: 5/5
  1142 | D:2      | Noticed Natasha
  1154 | D:2      | Killed Natasha
  1302 | D:3      | Reached skill level 5 in Axes
  1823 | D:4      | Reached XP level 6. HP: 23/55 MP: 6/6
  1972 | D:4      | Reached skill level 5 in Fighting
  1999 | D:4      | Found Eludoom's Antique Weapon Shop.
  2088 | D:4      | Reached skill level 6 in Axes
  2169 | D:4      | Found a transporter.
  2212 | D:4      | Found a transporter.
  2267 | D:4      | Identified the +10 spear "Mekeaq" {heavy, rF+}
  2367 | D:4      | Found a staircase to the Ecumenical Temple.
  2376 | D:4      | Reached skill level 5 in Armour
  2376 | D:4      | Reached XP level 7. HP: 4/61 MP: 7/7
  2380 | Temple   | Entered the Ecumenical Temple
  2832 | D:4      | Reached skill level 7 in Axes
  3064 | D:5      | Entered Level 5 of the Dungeon
  3296 | D:5      | Found a transporter.
  3299 | D:5      | Noticed asti's ghost (amateur MiFi)
  3306 | D:5      | Noticed Grinder
  3308 | D:5      | Paralysed by Grinder for 3 turns
  3329 | D:5      | Paralysed by Grinder for 4 turns
  3340 | D:5      | Paralysed by Grinder for 3 turns
  3353 | D:5      | Killed Grinder
  3354 | D:5      | Reached skill level 8 in Axes
  3354 | D:5      | Reached XP level 8. HP: 35/70 MP: 8/8
  3645 | D:5      | Found a transporter.
  3671 | D:5      | Reached skill level 1 in Dodging
  4822 | D:4      | Bought a runed broad axe for 189 gold pieces
  4932 | D:6      | Found an opulent altar of Gozag.
  4936 | D:6      | Found a sacrificial altar of Ru.
  5018 | D:6      | Found a hazy altar of Hepliaklqana.
  5026 | D:6      | Found a glowing silver altar of Zin.
  5028 | D:6      | Found a glowing golden altar of the Shining One.
  5033 | D:6      | Found a basalt altar of Yredelemnul.
  5040 | D:6      | Reached skill level 9 in Axes
  5378 | D:6      | Noticed Maggie
  5391 | D:6      | Killed Maggie
  5392 | D:6      | Reached XP level 9. HP: 38/79 MP: 9/9
  5742 | D:6      | Reached skill level 10 in Axes
  5933 | D:7      | Reached skill level 5 in Shields
  6440 | D:7      | Found a runed translucent door.
  6441 | D:7      | Noticed Crazy Yiuf
  6480 | D:7      | Found a broken altar of Ashenzari.
  6881 | D:7      | Reached skill level 11 in Axes
  7111 | D:7      | Noticed a boulder beetle
  7124 | D:7      | Killed a boulder beetle
  7125 | D:7      | Reached XP level 10. HP: 61/88 MP: 10/10
  7138 | D:7      | Noticed a gargoyle
  7139 | D:7      | Noticed a kobold demonologist
  7169 | D:7      | HP: 3/88 [yak (8)]
  7169 | D:7      | Killed from afar by a gargoyle

Illustrated notes

Levels and vault maps discovered:
D:1:      minmay_arrival_cross, layout_rooms
D:2:      layout_rooms, shapermc_ecumenical_altar_mp_highgroup,
          minmay_tromino_i4, uniq_natasha
D:3:      layout_basic, kennysheep_generic_room_15
D:4:      gammafunk_steamed_eel, layout_cave_pools,
          minmay_temple_entry_statues_pillars, nicolae_take_the_stairs
D:5:      layout_layer_cave, gammafunk_ghost_arena, kennysheep_generic_room_4,
          uniq_grinder
D:6:      layout_loops_ring, nicolae_overflow_hallway_of_the_gods, uniq_maggie
D:7:      minmay_slanted_spiral_squares, layout_cave_pools,
          evilmike_ruin_ashenzari, uniq_crazy_yiuf_cottage
Temple:   nicolae_temple_great_sept

Skill      XL: |  1  2  3  4  5  6  7  8  9 |
---------------+----------------------------+-----
Fighting       | 4 5 7 |  7.8
Axes           | 3 4 5 6 8 9 11 | 11.8
Armour         | 4 5 6 7 9 |  9.5
Shields        | 4 5 |  5.1
Dodging        | 1 |  1.1
Stealth        | |  0.4
Evocations     | |  0.4

Action                     |  1- 3 |  4- 6 |  7- 9 | 10-12 || total
---------------------------+-------+-------+-------+-------++-------
  Melee: War axe           |    70 |   134 |    89 |       ||   293
         Broad axe         |       |       |   174 |     3 ||   177
  Evoke: Wand              |       |       |     4 |       ||     4
    Use: Potion            |       |     1 |     6 |       ||     7
         Scroll            |       |       |    15 |       ||    15
 Armour: Scale mail        |    38 |    56 |       |       ||    94
         Plate armour      |       |    15 |   228 |     5 ||   248
  Dodge: Dodged            |    28 |    53 |    96 |     4 ||   181
  Block: Buckler           |    13 |    38 |    58 |     2 ||   111

Table legend: (Time is in decaauts)
 A = Elapsed time spent in this place.
 B = Non-inter-level travel time spent in this place.
 C = Inter-level travel time spent in this place.
 D = Time resting spent in this place.
 E = Time spent auto-exploring this place.
 F = Levels seen in this place.
 G = Mean time per level.
                   A        B        C        D        E       F      G
               +--------+--------+--------+--------+--------+-----+--------+
         Total |   7308 |   7061 |    247 |    292 |   5543 |   8 |  913.5 |
       Dungeon |   7038 |   6791 |    247 |    292 |   5296 |   7 | 1005.4 |
        Temple |    270 |    270 |      0 |      0 |    247 |   1 |  270.0 |
               +--------+--------+--------+--------+--------+-----+--------+

Top non-repeatable levels by time:
     D:5: 1789 daAuts
     D:7: 1270 daAuts
     D:6: 1073 daAuts
     D:4: 1009 daAuts
     D:2: 693 daAuts
     D:3: 660 daAuts
     D:1: 541 daAuts
  Temple: 270 daAuts
